 Dungeon Crawl Stone Soup version 0.28.0-53-g5a82cb258f (webtiles) character file.

Game seed: 3439529861553432338

210 doricub5 the Skirmisher (level 5, 0/50 HPs)
             Began as a Minotaur Berserker on July 22, 2022.
             Was a Believer of Trog.
             Succumbed to an adder's poison
             ... on level 3 of the Dungeon.
             The game lasted 00:10:07 (2582 turns).

doricub5 the Skirmisher (Minotaur Berserker)        Turns: 2582, Time: 00:10:07

Health: 0/50       AC: 11    Str: 30    XL:     5   Next: 57%
Magic:  4/4        EV:  8    Int:  4    God:    Trog [**....]
Gold:   114        SH:  0    Dex:  9    Spells: 4/4 levels left

rFire   . . .      SeeInvis .   a - +0 hand axe
rCold   . . .      Faith    .   (no shield)
rNeg    . . .      Spirit   .   g - +0 plate armour
rPois   .          Reflect  .   (helmet restricted)
rElec   .          Harm     .   (no cloak)
rCorr   .          Rampage  .   (no gloves)
Will    .....                   (no boots)
Stlth   ..........              (no amulet)
HPRegen 0.16/turn               e - +6 ring of strength
MPRegen 0.09/turn               (no ring)

@: lethally poisoned (0 -> -3), attractive, invisible
A: horns 2, retaliatory headbutt
a: Renounce Religion, Berserk, Trog's Hand


You were on level 3 of the Dungeon.
You worshipped Trog.
Trog was pleased with you.
You visited 1 branch of the dungeon, and saw 3 of its levels.

You collected 114 gold pieces.

Inventory:

Hand Weapons
 a - a +0 hand axe (weapon)
Armour
 g - a +0 plate armour (worn)
Jewellery
 e - a +6 ring of strength (left hand)
Scrolls
 h - a scroll of fog {unknown}
 j - a scroll of teleportation {unknown}
 k - a scroll of identify {unknown}
Potions
 b - a potion of attraction
 c - a potion of lignification {unknown}
 d - 3 potions of invisibility
 f - a potion of cancellation {unknown}
 i - a potion of heal wounds {unknown}


   Skills:
 * Level 6.0 Fighting
 - Level 3.6 Axes
 + Level 4.0 Armour
 - Level 2.7 Dodging
 + Level 1.8 Evocations


You had 4 spell levels left.
You didn't know any spells.
Your spell library was empty.

Dungeon Overview and Level Annotations

Branches:
Dungeon (3/15)

Altars:


Innate Abilities, Weirdness & Mutations

You have a pair of horns on your head.
You reflexively headbutt those who attack you in melee.


Message History

The adder is severely wounded.
The adder closely misses you.
You miss the adder.
The adder is severely wounded.
The adder bites you.
* * * LOW HITPOINT WARNING * * *
The adder bites you but does no damage.
You hit the adder.
The adder is almost dead.
The adder bites you but does no damage.
You miss the adder.
The adder is almost dead.
The adder bites you.
* * * LOW HITPOINT WARNING * * *
You are poisoned.
The adder poisons you!
You closely miss the adder. Your headbutt misses the adder.
The adder is almost dead.
* * * LOW HITPOINT WARNING * * *
You feel sick. The adder barely misses you. You furiously retaliate!
You headbutt the adder, but do no damage.
The adder bites you.
* * * LOW HITPOINT WARNING * * *
You are lethally poisoned!
The adder poisons you!
It was a potion of invisibility.
You fade into invisibility!
* * * LOW HITPOINT WARNING * * *
You feel sick. The adder barely misses you.
You miss the adder.
The adder is almost dead.
* * * LOW HITPOINT WARNING * * *
You feel sick. The adder barely misses you. The adder completely misses you.
You furiously retaliate!
You headbutt the adder!
You kill the adder!
Trog accepts your kill.
Your Fighting skill increases to level 6!
It was a potion of attraction.
You feel attractive to monsters.
You die...

################# ###
#.......#.......#
....##.......#.......#
.......).....#.......#
#..))...#.......#####
##....@.#...........#
#....#†#.....^.....#
######....#≈###.##......#
....(.....#≈#.....).....#
######....#≈###.#.......#
#.....#≈#...##......# #
#.#####≈######..#####
#.##.#####≈#.......#######
####........#
#..............


There were no monsters in sight!

Vanquished Creatures
  A bullfrog skeleton (D:3)
  An iguana (D:2)
  3 gnolls (D:3)
  5 adders
  2 worms
  3 dart slugs
  5 orcs (D:3)
  5 ball pythons
  5 bats
  3 endoplasms
  5 giant cockroaches
  4 goblins
  7 hobgoblins
  2 jackals (D:2)
  2 kobolds
  4 quokkas (D:1)
  6 frilled lizards
  5 rats
68 creatures vanquished.

Vanquished Creatures (others)
  A plant (D:2)
1 creature vanquished.

Grand Total: 69 creatures vanquished

Notes
Turn   | Place    | Note
-------+----------+-------------------------------------------
     0 | D:1      | doricub5 the Minotaur Berserker began the quest for the
                  | Orb.
     0 | D:1      | Reached XP level 1. HP: 19/19 MP: 0/0
   159 | D:1      | Reached skill level 4 in Fighting
   160 | D:1      | Reached XP level 2. HP: 27/27 MP: 1/1
   908 | D:2      | Reached XP level 3. HP: 31/34 MP: 2/2
  1109 | D:2      | Found a faded altar of an unknown god.
  1656 | D:2      | Reached ** piety under Trog
  1753 | D:2      | Reached XP level 4. HP: 37/41 MP: 3/3
  1833 | D:2      | Reached skill level 5 in Fighting
  1837 | D:2      | Reached skill level 1 in Evocations
  2313 | D:3      | Reached XP level 5. HP: 36/50 MP: 4/4
  2581 | D:3      | HP: 1/50 [poisoned by an adder]
  2582 | D:3      | Reached skill level 6 in Fighting
  2582 | D:3      | Succumbed to an adder's poison

Illustrated notes

Levels and vault maps discovered:
D:1:      saegor_arrival_simple_d, layout_basic
D:2:      minmay_razor_zed, layout_basic, shapermc_ecumenical_altar_ellora
D:3:      layout_basic, portal_sewer_entry_d, uniq_jessica

Skill      XL: |  1  2  3  4  5 |
---------------+----------------+-----
Fighting       | 4 5 6 |  6.0
Armour         | 3 4 |  4.0
Evocations     | 1 |  1.8
Axes           | |  3.6
Dodging        | |  2.7

Action                   |  1- 3 |  4- 6 || total
-------------------------+-------+-------++-------
Melee: Hand axe          |    82 |    71 ||   153
       Headbutt          |    10 |    11 ||    21
       Punch             |       |     1 ||     1
Invok: Berserk           |     1 |       ||     1
  Use: Scroll            |       |     2 ||     2
       Potion            |       |     2 ||     2
Armor: Animal skin       |     3 |       ||     3
       Leather armour    |     5 |       ||     5
       Plate armour      |    11 |    29 ||    40
Dodge: Dodged            |    49 |    36 ||    85
